 Dungeon Crawl Stone Soup version 0.29.0-11-gd7f09526c8 (webtiles) character file.

Game seed: 2411680565588816638

16 apoch the Shield-Bearer (level 2, -5/24 HPs)
             Began as a Formicid Fighter on Sept 5, 2022.
             Was an Initiate of Gozag.
             Slain by a gnoll
             ... wielding a +0 flail
              (7 damage)
             ... on level 1 of the Dungeon.
             The game lasted 00:01:10 (481 turns).

apoch the Shield-Bearer (Formicid Fighter)           Turns: 481, Time: 00:01:11

Health: -5/24      AC:  9    Str: 20    XL:     2   Next: 75%
Magic:  2/2        EV:  7    Int:  7    God:    Gozag
Gold:   35         SH:  5    Dex: 13    Spells: 1/1 levels left

rFire   . . .      SeeInvis +   a - +0 trident
rCold   . . .      Faith    .   c - +0 buckler
rNeg    . . .      Spirit   .   e - +0 chain mail
rPois   .          Reflect  .   (helmet unavailable)
rElec   .          Harm     .   (no cloak)
rCorr   .          Rampage  .   (no gloves)
Will    .....                   (no boots)
Stlth   ..........              (no amulet)
HPRegen 0.08/turn               (no ring)
MPRegen 0.08/turn               (no ring)

@: mighty, gold aura
A: permanent stasis, dig shafts and tunnels, antennae 3, four strong arms
a: Dig, Shaft Self, Renounce Religion, Potion Petition, Call Merchant, Bribe
Branch


You were on level 1 of the Dungeon.
You worshipped Gozag.
Gozag was noncommittal.
You visited 1 branch of the dungeon, and saw 1 of its levels.

You collected 35 gold pieces.

Inventory:

Hand Weapons
 a - a +0 trident (weapon)
Armour
 b - a +0 scale mail
 c - a +0 buckler (worn)
 e - a +0 chain mail (worn)
Scrolls
 g - a scroll of enchant weapon {unknown}
 h - a scroll of amnesia {unknown}


   Skills:
 + Level 3.5 Fighting
 + Level 2.3 Polearms
 + Level 3.5 Armour
 + Level 4.3 Shields


You had one spell level left.
You didn't know any spells.
Your spell library was empty.

Dungeon Overview and Level Annotations

Branches:
Dungeon (1/15)

Altars:
Gozag


Innate Abilities, Weirdness & Mutations

You cannot be hasted, slowed, berserked, paralysed or teleported.
You can dig through walls and to a lower floor.
You have a pair of large antennae on your head. (SInv)
Your four strong arms can wield two-handed weapons with a shield.


Message History

You barely miss the gnoll. The kobold hits you but does no damage.
You block the gnoll's attack.
You puncture the gnoll!
The gnoll is heavily wounded.
The kobold hits you but does no damage. The gnoll hits you but does no damage.
You block the kobold's attack. The gnoll hits you with a +0 flail.
You barely miss the gnoll.
The gnoll is heavily wounded.
The kobold barely misses you. The gnoll barely misses you.
The gnoll barely misses you. The gnoll attacks as you move away!
The gnoll hits you with a +0 flail. The kobold attacks as you move away!
You block the kobold's attack.
You are too injured to fight recklessly!
You are too injured to fight recklessly!
You hit the kobold.
The kobold is moderately wounded.
The kobold closely misses you.
You hit the kobold.
You kill the kobold!
The rat bites you but does no damage.
You barely miss the rat. The rat bites you but does no damage.
The gnoll hits you with a +0 flail!
* * * LOW HITPOINT WARNING * * *
A quokka comes into view.
The gnoll barely misses you. The rat bites you.
* * * LOW HITPOINT WARNING * * *
Unknown command.
You barely miss the rat. You block the rat's attack.
The gnoll barely misses you.
You barely miss the rat. The rat bites you but does no damage.
The gnoll hits you with a +0 flail.
* * * LOW HITPOINT WARNING * * *
Unknown command.
You puncture the rat!
You kill the rat!
The gnoll hits you but does no damage.
You feel very mighty all of a sudden. The gnoll hits you with a +0 flail!
You die...
Your body crumbles into a pile of gold.

.## #####.#....#.#
#.......
.#######.....###)#......
########
.............#...#......
########.....#.###......
#....##.###......
#....##.#......
#....##.#..r.###.
#....##.#........
#....##)#@##
#.....#.#g$# #.#
#........#.###.....
#....##............
#....##.#.###......
#######.#..##......
#.......w....
####..##..... ..g.. ..


You could see a gnoll and a quokka.

Vanquished Creatures
  A dart slug (D:1)
  2 endoplasms (D:1)
  A goblin (D:1)
  2 hobgoblins (D:1)
  3 ball pythons (D:1)
  A frilled lizard (D:1)
  3 kobolds (D:1)
  A rat (D:1)
14 creatures vanquished.

Notes
Turn   | Place    | Note
-------+----------+-------------------------------------------
     0 | D:1      | apoch the Formicid Fighter began the quest for the Orb.
     0 | D:1      | Reached XP level 1. HP: 18/18 MP: 1/1
    86 | D:1      | Found a faded altar of an unknown god.
    94 | D:1      | Prayed at the altar of an unknown god.
    94 | D:1      | Became a worshipper of Gozag Ym Sagoz the Greedy
   128 | D:1      | Reached XP level 2. HP: 10/24 MP: 2/2
   481 | D:1      | Slain by a gnoll

Illustrated notes

Levels and vault maps discovered:
D:1:      lemuel_arrival_broad_hall, layout_basic,
          nicolae_ecumenical_snake_handling

Action                   || total
-------------------------++-------
Melee: Trident           ||    42
Throw: Stone             ||     3
  Use: Potion            ||     1
Armor: Chain mail        ||    17
Dodge: Dodged            ||    10
Block: Buckler           ||     7
